 Dungeon Crawl Stone Soup version 0.24.0-125-gc4c63601f3 (webtiles) character file.

Game seed: 17668325960169802233, levelgen mode: deterministic

197 Doot the Magician (level 5, -4/28 HPs)
             Began as a Deep Elf Wizard on Feb 29, 2020.
             Hit by a boomerang thrown by an orc (6 damage)
             ... on level 4 of the Dungeon.
             The game lasted 00:05:47 (2660 turns).

Doot the Magician (Deep Elf Wizard)                 Turns: 2660, Time: 00:05:47

Health: -4/28      AC:  2    Str:  4    XL:     5   Next: 46%
Magic:  7/16       EV: 13    Int: 24    God:
Gold:   93         SH:  0    Dex: 13    Spells: 6/17 levels left

rFire    . . .     SeeInvis .   (no weapon)
rCold    . . .     Gourm    .   (no shield)
rNeg     . . .     Faith    .   a - +0 robe
rPois    .         Spirit   .   b - +0 hat
rElec    .         Reflect  .   (no cloak)
rCorr    .         Harm     .   (no gloves)
MR       .....                  (no boots)
Stlth    ++........             (no amulet)
HPRegen  0.09/turn              (no ring)
MPRegen  0.15/turn              (no ring)

@: very slightly contaminated
A: no striking features
a: no special abilities


You were on level 4 of the Dungeon.
You were not hungry.

You visited 1 branch of the dungeon, and saw 4 of its levels.

You collected 93 gold pieces.

Inventory:

Armour
 a - a +0 robe (worn)
 b - a +0 hat (worn)
Scrolls
 c - a scroll of magic mapping {unknown}
 e - 2 scrolls of identify {unknown}
 f - a scroll of amnesia {unknown}
 g - a scroll of remove curse {unknown}
 h - a scroll of fear {unknown}
 j - 2 scrolls of teleportation {unknown}
Potions
 k - a potion of heal wounds {unknown}
 l - a potion of curing {unknown}
 m - a potion of invisibility {unknown}
Comestibles
 d - 2 rations


   Skills:
 + Level 3.1 Dodging
 + Level 3.4 Stealth
 + Level 6.9 Spellcasting
 + Level 2.4 Conjurations
 + Level 1.1 Summonings
 + Level 1.2 Translocations
 + Level 0.2 Fire Magic
 + Level 0.1 Air Magic
 + Level 0.7 Poison Magic


You had 6 spell levels left.
You knew the following spells:

 Your Spells              Type           Power        Failure   Level  Hunger
a - Magic Dart            Conj           ###.         2%          1    None
b - Blink                 Tloc           N/A          7%          2    None
c - Call Imp              Summ           ##......     7%          2    None
d - Conjure Flame         Conj/Fire      ##......     13%         3    None
e - Mephitic Cloud        Conj/Pois/Air  ##......     14%         3    None

Your spell library contained the following spells:

 Spells                   Type           Power        Failure   Level  Hunger
 Apportation              Tloc           ##....       4%          1    None
 Summon Small Mammal      Summ           ##..         4%          1    None
 Animate Skeleton         Necr           N/A          8%          1    None
 Confusing Touch          Hex            #.....       8%          1    None
 Slow                     Hex            #.......     11%         2    None


Dungeon Overview and Level Annotations

Branches:
Dungeon (4/15)
 Temple: D:4-7

Altars:

Shops:
D:4 =


Message History

You are engulfed in noxious fumes.
You choke on the stench!
You are more confused.
You bump into the rock wall.
You are engulfed in noxious fumes.
You choke on the stench!
You are more confused.
You start resting.
The orc is too close now for your liking.
An orc is nearby!
The orc throws a boomerang.
The boomerang barely misses you.
The weapon returns to the orc!
The orc throws a boomerang.
The boomerang barely misses you.
The weapon returns to the orc!
You feel less confused.
The orc throws a boomerang.
The boomerang hits you.
* * * LOW HITPOINT WARNING * * *
The weapon returns to the orc!
The orc throws a boomerang.
The boomerang closely misses you.
The weapon returns to the orc!
The orc throws a boomerang.
The boomerang hits you.
You die...

..... #o# #.##...#.#.. ....
#°# #..##÷'#.#'. .## #§#
####...###÷..## #o####
#..........8... #..o.#
#......###...## #..#.#
#..#..##.'#.#'. #.☼#.#
#..#.##...#.#..
#..#.###..#.#...##.##.
######..#.@.#..#.#..##...##
.....#..###....#.####.....#
#........................
#..#..#####.#............
#..#####..............
#.................##..
##.##########.#.#.#...
#.............#.#.#.##
#÷.#÷#.######.#.#.#...


You could see an orc.

Vanquished Creatures
  2 hounds (D:4)
  2 iguanas (D:4)
  4 adders
  An adder skeleton (D:4)
  A worm (D:2)
  3 leopard geckos
  4 orcs
  2 giant cockroaches (D:2)
  3 hobgoblins
  4 jackals (D:4)
  2 quokkas (D:2)
  A ball python (D:4)
  3 bats (D:2)
  4 frilled lizards
  6 goblins (D:2)
  2 kobolds
  3 rats
47 creatures vanquished.

Notes
Turn   | Place    | Note
-------+----------+-------------------------------------------
     0 | D:1      | Doot the Deep Elf Wizard began the quest for the Orb.
     0 | D:1      | Reached XP level 1. HP: 10/10 MP: 7/7
   170 | D:2      | Reached skill level 5 in Spellcasting
   171 | D:2      | Reached XP level 2. HP: 15/15 MP: 3/10
   179 | D:2      | Learned a level 2 spell: Blink
   182 | D:2      | Learned a level 2 spell: Call Imp
   492 | D:2      | Reached XP level 3. HP: 19/19 MP: 0/12
   598 | D:2      | Learned a level 3 spell: Conjure Flame
   602 | D:2      | Learned a level 3 spell: Mephitic Cloud
   710 | D:3      | Reached skill level 6 in Spellcasting
  1442 | D:3      | Reached XP level 4. HP: 10/24 MP: 4/14
  1832 | D:4      | Found Yweafing's Jewellery Shoppe.
  2297 | D:4      | Reached XP level 5. HP: 28/28 MP: 4/16
  2542 | D:4      | Noticed a water moccasin
  2656 | D:4      | HP: 1/28 [orc/boomerang (6)]
  2660 | D:4      | Hit by a boomerang thrown by an orc

Levels and vault maps discovered:
D:1:      wander_arrival_chamber, layout_basic
D:2:      layout_loops_ring
D:3:      layout_rooms, nicolae_overflow_crystal_walls
D:4:      cheibrodos_barr_body, layout_basic, serial_shops, shop

Skill      XL: |  1  2  3  4 |
---------------+-------------+-----
Spellcasting   | 5 6 |  6.9
Dodging        | 3 |  3.1
Stealth        | 3 |  3.4
Conjurations   | 2 |  2.4
Summonings     | |  1.1
Translocations | |  1.2
Fire Magic     | |  0.2
Air Magic      | |  0.1
Poison Magic   | |  0.7

Action                   |  1- 3 |  4- 6 || total
-------------------------+-------+-------++-------
 Cast: Magic Dart        |    92 |    42 ||   134
       Mephitic Cloud    |     3 |     3 ||     6
       Conjure Flame     |     2 |     5 ||     7
       Blink             |     1 |     2 ||     3
  Eat: Chunk             |     1 |     4 ||     5
Armor: Robe              |     4 |     1 ||     5
Dodge: Dodged            |    19 |    19 ||    38
